 Dungeon Crawl Stone Soup version 0.24-a0-243-g8f5f5cd (webtiles) character file.

Game seed: 1126940126771343691

3360 nikopol the Cleaver (level 9, -3/81 HPs)
             Began as a Minotaur Berserker on Apr 9, 2019.
             Was a High Priest of Trog.
             Slain by Harold
             ... wielding a +2 trident of venom
              (12 damage)
             ... on level 7 of the Dungeon.
             The game lasted 00:14:08 (6195 turns).

nikopol the Cleaver (Minotaur Berserker)            Turns: 6195, Time: 00:14:09

Health: -3/81      AC: 10    Str: 25    XL:     9   Next: 73%
Magic:  2/2        EV: 12    Int:  4    God:    Trog [*****.]
Gold:   318        SH:  0    Dex: 10    Spells: 8/8 levels left

rFire    + . .     SeeInvis .   a - +1 battleaxe (antimagic)
rCold    + . .     Gourm    .   (shield currently unavailable)
rNeg     + . .     Faith    .   b - +0 chain mail {MR+}
rPois    .         Spirit   .   (helmet restricted)
rElec    .         Reflect  .   B - scarf {rC+ rF+}
rCorr    .         Harm     .   p - +0 pair of gloves
MR       +....                  (no boots)
Stlth    ..........             (no amulet)
HPRegen  0.23/turn              w - ring of positive energy
MPRegen  0.08/turn              u - +2 ring of evasion

@: lethally poisoned (-3 -> -26), marked, berserk cooldown, slowed, very slow
A: retaliatory headbutt, horns 2
a: Berserk, Trog's Hand, Brothers in Arms, Renounce Religion


You were on level 7 of the Dungeon.
You worshipped Trog.
Trog was extremely pleased with you.
You were hungry.

You visited 1 branch of the dungeon, and saw 7 of its levels.
You also visited: Sewer.

You collected 318 gold pieces.

Inventory:

Hand Weapons
 a - a +1 antimagic battleaxe (weapon)
 l - a +1 war axe of freezing
 D - a +0 war axe of flaming
Missiles
 m - 74 arrows
Armour
 b - a +0 chain mail of magic resistance (worn)
 p - a +0 pair of gloves (worn)
 r - a +1 ring mail of cold resistance
 B - a scarf of resistance (worn)
Jewellery
 u - a +2 ring of evasion (right hand)
 w - a ring of positive energy (left hand)
Wands
 o - a wand of clouds (5)
Scrolls
 d - a scroll of teleportation {unknown}
 f - 2 scrolls of remove curse {unknown}
 j - 7 scrolls of identify {unknown}
 k - a scroll of blinking {unknown}
 q - 3 scrolls of amnesia {unknown}
 t - a scroll of fear {unknown}
 v - a scroll of immolation {unknown}
 y - 2 scrolls of magic mapping {unknown}
 A - a scroll of fog {unknown}
 C - a scroll of random uselessness {unknown}
 F - 2 scrolls of noise {unknown}
Potions
 e - a potion of magic {unknown}
 g - 2 potions of heal wounds {unknown}
 h - 2 potions of haste {unknown}
 i - 2 potions of mutation {unknown}
 n - 2 potions of curing {unknown}
 s - 2 potions of agility {unknown}
 x - a potion of flight {unknown}
 z - 2 potions of degeneration {unknown}
 E - a potion of lignification {unknown}
Comestibles
 c - 10 rations


   Skills:
 + Level 8.3 Fighting
 + Level 12.2 Axes
 + Level 4.5 Armour
 + Level 6.2 Dodging
 + Level 3.0 Stealth


You had 8 spell levels left.
You didn't know any spells.
Your spell library was empty.

Dungeon Overview and Level Annotations

Branches:
Dungeon (7/15)             Temple (0/1) D:4

Altars:
Cheibriados
Kikubaaqudgha
Ru
Beogh

Shops:
D:5 (

Annotations:
D:7 Harold, Prince Ribbit


Innate Abilities, Weirdness & Mutations

You reflexively headbutt those who attack you in melee.
You have a pair of horns on your head.


Message History

You slice the killer bee zombie!!
You destroy the killer bee zombie!
Trog accepts your kill.
With Pikel's spell broken, the former slaves thank you for their freedom.
You are no longer berserk.
Trog's vigour flows through your veins.
You are exhausted.
You feel yourself slow down.
You feel sick.
Harold hits you from afar with a +2 trident of venom!
* * * LOW HITPOINT WARNING * * *
The freed slave closely misses the orc.
You feel sick. The orc hits you.
* * * LOW HITPOINT WARNING * * *
Harold hits you with a +2 trident of venom!
* * * LOW HITPOINT WARNING * * *
You are more poisoned.
A quokka comes into view.
The freed slave hits the orc.
The orc barely misses you.
Harold hits you with a +2 trident of venom!
You die...

#...#.##.....#
#............
#......$....
#..........# . ..
#......p...###..
..##.....$.........
...........p@p.....
###.......p.@ooF#..
..........†o.o..r#
##.##.#.........oo.
#.....†..###.....#.
#.#......##..##..#
#...?.....## ..# .#
#..)...#### .#
...##......# #
.......)...#


You could see Harold, Prince Ribbit, an orc wizard, 5 orcs, a quokka and 4
neutral freed slaves.

Vanquished Creatures
  Pikel (D:7)
  Edmund (D:6)
  A water moccasin (D:6)
  4 orc warriors (D:5)
  3 ice beasts
  6 ogres
  A centaur (D:7)
  2 big kobolds (Sewer)
  3 bullfrogs (D:6)
  A scorpion (D:4)
  2 howler monkeys (D:6)
  2 crimson imps
  A centaur zombie (D:7)
  3 hounds
  A jelly (D:7)
  7 orc wizards
  3 orc priests
  An iguana (D:4)
  3 worker ants
  A killer bee zombie (D:7)
  8 adders
  4 gnolls
  3 river rats
  A shadow imp (D:5)
  4 oozes (Sewer)
  An adder skeleton (D:6)
  6 worms
  3 dart slugs
  4 leopard geckos
  41 orcs
  8 bats
  5 bat zombies (D:2)
  3 giant cockroaches
  10 hobgoblins
  8 jackals
  6 quokkas
  7 ball pythons
  11 frilled lizards
  8 goblins
  16 kobolds
  A leopard gecko skeleton (D:4)
  A quokka skeleton (D:4)
  13 rats
219 creatures vanquished.

Notes
Turn   | Place    | Note
-------+----------+-------------------------------------------
     0 | D:1      | nikopol the Minotaur Berserker began the quest for the Orb.
     0 | D:1      | Reached XP level 1. HP: 19/19 MP: 0/0
    55 | D:1      | Reached XP level 2. HP: 8/27 MP: 1/1
   273 | D:1      | Reached skill level 4 in Axes
   642 | D:1      | Reached XP level 3. HP: 31/33 MP: 2/2
   715 | D:1      | Reached ** piety under Trog
   865 | D:2      | Found a snail-covered altar of Cheibriados.
  1370 | D:2      | Reached XP level 4. HP: 41/41 MP: 3/3
  1373 | D:2      | Found an ancient bone altar of Kikubaaqudgha.
  1491 | D:2      | Reached skill level 5 in Axes
  1945 | D:3      | Reached XP level 5. HP: 26/47 MP: 4/4
  1948 | D:3      | Reached *** piety under Trog
  2191 | D:3      | Reached skill level 6 in Axes
  2747 | D:4      | Noticed an ogre
  2747 | D:4      | Noticed an ogre
  2753 | D:4      | Killed an ogre
  2753 | D:4      | Reached skill level 5 in Fighting
  2753 | D:4      | Reached XP level 6. HP: 47/56 MP: 5/5
  2754 | D:4      | Reached skill level 7 in Axes
  2754 | D:4      | Reached skill level 1 in Stealth
  2755 | D:4      | Found a staircase to the Ecumenical Temple.
  2819 | D:4      | Reached XP level 7. HP: 49/61 MP: 6/6
  2828 | D:4      | Reached **** piety under Trog
  2828 | D:4      | Reached skill level 8 in Axes
  3129 | D:4      | Found a sacrificial altar of Ru.
  3185 | D:4      | Found a glowing drain.
  3195 | Sewer    | Entered a sewer
  3462 | Sewer    | Reached skill level 9 in Axes
  3963 | D:5      | Entered Level 5 of the Dungeon
  3972 | D:5      | Reached XP level 8. HP: 61/70 MP: 7/7
  4099 | D:5      | Reached skill level 5 in Dodging
  4236 | D:5      | Found a runed translucent door.
  4426 | D:5      | Found Ciseozut's Weapon Emporium.
  4664 | D:5      | Reached skill level 10 in Axes
  4931 | D:5      | Reached ***** piety under Trog
  4995 | D:5      | Found a roughly hewn altar of Beogh.
  5678 | D:6      | Reached XP level 9. HP: 79/79 MP: 8/8
  5863 | D:6      | Noticed Edmund
  5865 | D:6      | Reached skill level 11 in Axes
  5873 | D:6      | Killed Edmund
  6121 | D:6      | Received a gift from Trog
  6177 | D:7      | Noticed Harold
  6178 | D:7      | Noticed Prince Ribbit
  6183 | D:7      | Noticed Pikel
  6194 | D:7      | Killed Pikel
  6194 | D:7      | Reached skill level 12 in Axes
  6195 | D:7      | Slain by Harold

Levels and vault maps discovered:
D:1:      nzn_arrival_settlement, layout_basic, kennysheep_boxes
D:2:      layout_basic, lemuel_zombie_altar_kikubaaqudgha, cheibriados_altar_1,
          minmay_misc_feat_columns
D:3:      layout_basic
D:4:      layout_gridville, minmay_temple_entry_offerings,
          cheibrodos_sewer_entry_sluice, first_ration,
          nicolae_ru_the_path_less_chosen
D:5:      layout_gridville, serial_shops, shop_statue, minmay_misc_feat_square,
          lightli_church_of_beogh
D:6:      layout_loops_ring, uniq_edmund
D:7:      layout_rooms, minmay_lizard_king, uniq_crazy_yiuf_cottage, uniq_pikel,
          uniq_joseph, uniq_prince_ribbit1, uniq_harold
Sewer:    sewer_co_tree

Skill      XL: |  1  2  3  4  5  6  7  8  9 |
---------------+----------------------------+-----
Axes           | 4 5 6 7 9 10 12 | 12.2
Fighting       | 4 5 6 7 8 |  8.3
Dodging        | 3 4 5 6 |  6.2
Stealth        | 1 2 3 |  3.0
Armour         | 4 |  4.5

Action                   |  1- 3 |  4- 6 |  7- 9 || total
-------------------------+-------+-------+-------++-------
Melee: Hand axe          |    66 |     7 |       ||    73
       Headbutt          |     7 |    17 |    37 ||    61
       War axe           |    31 |    67 |   204 ||   302
       Battleaxe         |       |       |    22 ||    22
Invok: Berserk           |       |     1 |     2 ||     3
 Stab: Sleeping          |       |       |     2 ||     2
  Eat: Chunk             |     2 |     5 |     9 ||    16
       Ration            |       |       |     1 ||     1
Armor: Animal skin       |    25 |     8 |    21 ||    54
       Chain mail        |       |       |    26 ||    26
Dodge: Dodged            |    78 |    54 |   173 ||   305

Table legend:
 A = Non-vault XP
 B = Vault XP
 C = Vault XP percentage of total XP
 D = Non-vault monster count
 E = Vault monster count
 F = Vault count percentage of total count
                 A         B        C        D         E       F
            +---------+---------+-------+---------+---------+-------
      Total |    2893 |    1907 |  39.7 |     155 |      64 |  29.2
            +---------+---------+-------+---------+---------+-------
        D:1 |      57 |       0 |   0.0 |      27 |       0 |   0.0
        D:2 |      87 |      10 |  10.3 |      29 |       5 |  14.7
        D:3 |     221 |       0 |   0.0 |      35 |       0 |   0.0
        D:4 |     655 |      18 |   2.7 |      19 |       4 |  17.4
        D:5 |     220 |     744 |  77.2 |      11 |      25 |  69.4
        D:6 |    1092 |     158 |  12.6 |      24 |       1 |   4.0
        D:7 |     561 |     651 |  53.7 |      10 |       1 |   9.1
      Sewer |       0 |     326 | 100.0 |       0 |      28 | 100.0
            +---------+---------+-------+---------+---------+-------
